 Dungeon Crawl Stone Soup version 0.28.0-53-g5a82cb258f (webtiles) character file.

Game seed: 6155970508185670365

182 Sin92 the Skirmisher (level 5, 0/41 HPs)
             Began as a Demonspawn Fighter on Aug 11, 2022.
             Was an Initiate of Okawaru.
             Slain by Menkaure (7 damage)
             ... on level 4 of the Dungeon.
             The game lasted 00:03:25 (4033 turns).

Sin92 the Skirmisher (Demonspawn Fighter)           Turns: 4033, Time: 00:03:25

Health: 0/41       AC: 11    Str: 16    XL:     5   Next: 34%
Magic:  5/5        EV:  9    Int: 15    God:    Okawaru [......]
Gold:   96         SH:  5    Dex: 15    Spells: 4/4 levels left

rFire   . . .      SeeInvis .   a - +0 long sword
rCold   . . .      Faith    .   c - +0 buckler
rNeg    . . .      Spirit   .   b - +0 scale mail
rPois   .          Reflect  .   (no helmet)
rElec   .          Harm     .   s - +1 cloak
rCorr   +          Rampage  .   (no gloves)
Will    .....                   (no boots)
Stlth   ..........              (no amulet)
HPRegen 0.13/turn               i - ring of resist corrosion
MPRegen 0.09/turn               m - +6 ring of intelligence

@: no status effects
A: icy blue scales 1, demonic touch 1
a: Renounce Religion


You were on level 4 of the Dungeon.
You worshipped Okawaru.
Okawaru was noncommittal.
You visited 1 branch of the dungeon, and saw 4 of its levels.

You collected 96 gold pieces.

Inventory:

Hand Weapons
 a - a +0 long sword (weapon)
Armour
 b - a +0 scale mail (worn)
 c - a +0 buckler (worn)
 p - a +0 cloak
 s - a +1 cloak (worn)
Jewellery
 i - a ring of resist corrosion (left hand)
 m - a +6 ring of intelligence (right hand)
Wands
 q - a wand of iceblast (6)
Scrolls
 d - a scroll of blinking
 j - a scroll of amnesia
 o - 2 scrolls of teleportation
Potions
 e - 2 potions of brilliance {unknown}
 h - a potion of flight
 k - a potion of resistance
 l - a potion of invisibility
 n - a potion of lignification
 r - a potion of curing {unknown}


   Skills:
 + Level 3.6 Fighting
 * Level 3.4 Long Blades
 + Level 3.2 Armour
 + Level 1.4 Dodging
 + Level 3.3 Shields


You had 4 spell levels left.
You didn't know any spells.
Your spell library contained the following spells:

 Spells                   Type           Power      Damage    Failure   Level
 Beastly Appendage        Tmut           0%         N/A       77%         1
 Wereblood                Tmut           0%         N/A       88%         2
 Conjure Flame            Conj/Fire      0%         6-21      98%         3
 Ignite Poison            Fire/Tmut/Pois 0%         N/A       98%         3
 Spider Form              Tmut/Pois      0%         N/A       98%         3
 Sticky Flame             Conj/Fire      0%         2d3       100%        4


Dungeon Overview and Level Annotations

Branches:
Dungeon (4/15)
 Temple: D:4-7

Altars:
Hepliaklqana
Okawaru

Annotations:
D:4 Menkaure


Innate Abilities, Weirdness & Mutations

You are partially covered in icy blue scales. (AC +2)
Your touch may inflict minor irresistible damage on your foes.


Message History

Menkaure is nearby!
Found a scroll labelled TOOLOD USIUGH.
Menkaure gestures at you while chanting.
Pain shoots through your body!
Menkaure is nearby!
Menkaure hits you but does no damage.
Menkaure is nearby!
You closely miss Menkaure. You block Menkaure's attack.
Menkaure is nearby!
You hit Menkaure but do no damage. Menkaure hits you! Menkaure misses you.
Unknown command.
You slash Menkaure!
Menkaure is heavily damaged.
Menkaure closely misses you.
Unknown command.
You hit Menkaure.
Menkaure is heavily damaged.
Menkaure calls on the powers of darkness!
Your body is wracked with pain!
Menkaure barely misses you.
Unknown command.
You are too injured to fight recklessly!
Unknown command.
You are too injured to fight recklessly!
You closely miss Menkaure.
Menkaure is heavily damaged.
Menkaure casts a spell at you. Pain shoots through your body!
* * * LOW HITPOINT WARNING * * *
Menkaure barely misses you.
You hit Menkaure but do no damage.
Menkaure is heavily damaged.
Menkaure hits you but does no damage.
You barely miss Menkaure.
Menkaure is heavily damaged.
Menkaure hits you but does no damage. Menkaure barely misses you.
Unknown command.
You hit Menkaure.
Menkaure is severely damaged.
Menkaure hits you!
You die...

#.#......##...†.....#
#...####..##.......##
###..# ##.###.....##
#########.## #.........#
........#..##########..#
###.........# #..#
#...#####.... ....
#...######### ..#
#.?..@M...... .#
#...########. #...#
##.## #.# #.# ..# ?


You could see Menkaure (fast).

Vanquished Creatures
  Crazy Yiuf (D:3)
  Ijyb (D:3)
  4 adders
  A worm (D:2)
  3 dart slugs
  6 orcs (D:3)
  6 endoplasms
  5 giant cockroaches
  2 goblins
  12 hobgoblins
  3 jackals (D:2)
  2 kobolds
  9 ball pythons
  4 bats
  8 frilled lizards
  9 rats
76 creatures vanquished.

Notes
Turn   | Place    | Note
-------+----------+-------------------------------------------
     0 | D:1      | Sin92 the Demonspawn Fighter began the quest for the Orb.
     0 | D:1      | Reached XP level 1. HP: 18/18 MP: 1/1
   239 | D:1      | Gained mutation: You are partially covered in icy blue
                  | scales. (AC +2) [demonic ancestry]
   239 | D:1      | Reached XP level 2. HP: 24/24 MP: 2/2
   953 | D:1      | Reached XP level 3. HP: 29/29 MP: 3/3
  1111 | D:2      | Found a faded altar of an unknown god.
  1688 | D:2      | Reached skill level 1 in Dodging
  2182 | D:3      | Gained mutation: Your touch may inflict minor irresistible
                  | damage on your foes. [demonic ancestry]
  2182 | D:3      | Reached XP level 4. HP: 35/35 MP: 4/4
  3103 | D:3      | Found a runed translucent door.
  3104 | D:3      | Noticed Crazy Yiuf
  3162 | D:3      | Noticed Ijyb
  3174 | D:3      | Killed Ijyb
  3175 | D:3      | Reached XP level 5. HP: 34/41 MP: 5/5
  3237 | D:3      | Found an iron altar of Okawaru.
  3253 | D:3      | Found a hazy altar of Hepliaklqana.
  3614 | D:3      | Became a worshipper of Warmaster Okawaru
  3665 | D:3      | Killed Crazy Yiuf
  4022 | D:4      | Noticed Menkaure
  4033 | D:4      | Slain by Menkaure

Illustrated notes

Levels and vault maps discovered:
D:1:      saegor_arrival_simple_a, layout_basic
D:2:      layout_basic, ebering_ecumenical_altar_abandoned
D:3:      minmay_recursive_quarters, layout_basic, mainiacjoe_overflow_swirl,
          uniq_crazy_yiuf_cottage, uniq_ijyb
D:4:      layout_rooms, minmay_temple_entry_metal_lava, uniq_menkaure

Skill      XL: |  1  2  3  4 |
---------------+-------------+-----
Long Blades    | 2 3 |  3.4
Armour         | 3 |  3.2
Shields        | 3 |  3.3
Dodging        | 1 |  1.4
Fighting       | |  3.6

Action                   |  1- 3 |  4- 6 || total
-------------------------+-------+-------++-------
Melee: Long sword        |   143 |   109 ||   252
  Use: Scroll            |     2 |     9 ||    11
       Potion            |       |     1 ||     1
Armor: Scale mail        |    77 |    71 ||   148
Dodge: Dodged            |    66 |    78 ||   144
Block: Buckler           |    33 |    38 ||    71
